 Dungeon Crawl Stone Soup version 0.26-a0-651-gb41185065b (webtiles) character file.

Game seed: 10251658003726071942

161 Irenicus the Digger (level 5, -4/63 HPs)
             Began as a Deep Dwarf Earth Elementalist on Oct 20, 2020.
             Killed from afar by a dart slug (5 damage)
             ... with a slug dart
             ... on level 3 of the Dungeon.
             The game lasted 00:07:12 (1176 turns).

Irenicus the Digger (Deep Dwarf Earth Elementalist) Turns: 1176, Time: 00:07:12

Health: -4/63      AC: 22    Str: 12    XL:     5   Next: 18%
Magic:  4/7        EV:  2    Int: 16    God:
Gold:   96         SH:  0    Dex: 13    Spells: 4/7 levels left

rFire    . . .     SeeInvis .   n - +4 hand axe (flame)
rCold    . . .     Faith    .   (no shield)
rNeg     + + +     Spirit   .   (armour currently unavailable)
rPois    +         Reflect  .   (helmet currently unavailable)
rElec    .         Harm     .   (cloak currently unavailable)
rCorr    .         Rampage  .   (gloves currently unavailable)
MR       .....     NoTele   +   (boots currently unavailable)
Stlth    ++........             (no amulet)
HPRegen  0.00/turn              (no ring)
MPRegen  0.10/turn              (no ring)

@: tree-form, berserk cooldown, non-regenerating, slowed, very slow
A: damage resistance, heal wounds, sense surroundings 1, no regeneration
a: Heal Wounds


You were on level 3 of the Dungeon.
You were a tree.
You visited 1 branch of the dungeon, and saw 3 of its levels.

You collected 96 gold pieces.

Inventory:

Hand Weapons
 n - a +4 hand axe of flaming (weapon)
   (You found it on level 2 of the Dungeon)
Armour
 f - a +0 pair of gloves (melded)
   (You found it on level 1 of the Dungeon)
 j - a +0 ring mail (melded)
   (You found it on level 1 of the Dungeon)
 l - a scarf of harm (melded)
   (You found it on level 1 of the Dungeon)
 p - a +0 helmet (melded)
   (You found it on level 2 of the Dungeon)
Jewellery
 d - an uncursed ring of ice {rC+, rF-}
   (You found it on level 2 of the Dungeon)
Wands
 q - a wand of digging (5)
   (You took it off Jessica on level 2 of the Dungeon)
Scrolls
 e - 2 scrolls of teleportation
 g - a scroll of remove curse
Potions
 a - 2 potions of curing


   Skills:
 - Level 2.1 Dodging
 - Level 2.4 Stealth
 - Level 1.7 Spellcasting
 - Level 0.8 Transmutations
 + Level 7.9 Earth Magic


You had 4 spell levels left.
You knew the following spells:

 Your Spells              Type           Power        Failure   Level
a - Sandblast             Erth           ####..       1%          1
w - Passwall              Tmut/Erth      ###.....     5%          2

Your spell library contained the following spells:

 Spells                   Type           Power        Failure   Level
 Stone Arrow              Conj/Erth      ##....       13%         3
 Petrify                  Tmut/Erth      ###.....     34%         4
 Lee's Rapid Deconstruct  Erth           ####......   22%         5


Dungeon Overview and Level Annotations

Branches:
Dungeon (3/15)

Altars:


Innate Abilities, Weirdness & Mutations

You are resistant to damage.
You can heal yourself by infusing magical energy.
You passively map a small area around you.
You do not regenerate.


Message History

Aiming: Sandblast (safe; 1% risk of failure)
Press: ? - help, Shift-Dir - straight line, f - orc
Aim: an orc The blast of sand hits the orc!
You kill the orc!
b - 3 stones You now have 3/7 mp.
It was a potion of berserk rage.
A red film seems to cover your vision as you go berserk!
You feel yourself moving faster!
You feel mighty!
You now have 1/63 hp.
You feel a strong urge to attack something.
You feel your anger nearly subside.
An orc comes into view. It is wielding a +0 hand axe.
You are no longer berserk.
You are exhausted.
You feel yourself slow down.
The orc shouts!
You hear a shout!
You now have 1/42 hp.
It was a potion of lignification.
You turn into a tree.
Your scarf of harm melds into your body.
Your +0 helmet melds into your body.
Your +0 pair of gloves melds into your body.
Your +0 ring mail melds into your body.
Your roots penetrate the ground.
You now have 1/63 hp.
As you read the scroll labeled DYHUPA DOEP, it crumbles to dust.
You cannot blink because you are held in place by your roots.
It was a scroll of blinking.
Casting: Sandblast (safe; 1% risk of failure)
Confirm with . or Enter, or press ? or * to list all spells.
Aiming: Sandblast (safe; 1% risk of failure)
Press: ? - help, Shift-Dir - straight line, f - orc
Aim: an orc, wielding a +0 hand axe The blast of sand hits the orc!!
You kill the orc!
b - 2 stones A goblin comes into view. It is wielding a +0 dagger.
You now have 3/7 mp.
As you read the scroll labeled GOT DYRIQERR, it crumbles to dust.
You feel a strange sense of stasis.
It was a scroll of teleportation.
As you read the scroll labeled NACLANG WESK, it crumbles to dust.
It is a scroll of enchant weapon.
Your +3 hand axe of flaming glows red for a moment.
As you read the scroll labeled URIEJO IGINT, it crumbles to dust.
The scroll dissolves into smoke.
It was a scroll of fog.
As you read the scroll labeled ZABRAENI UKUARE, it crumbles to dust.
It is a scroll of identify.
You don't have any unidentified items.
Casting: Sandblast (safe; 1% risk of failure)
Confirm with . or Enter, or press ? or * to list all spells.
Aiming: Sandblast (safe; 1% risk of failure)
Press: ? - help, Shift-Dir - straight line, f - goblin
Aim: a goblin, wielding a +0 dagger (blue smoke)
The blast of sand misses the goblin.
b - a stone The goblin hits you but does no damage.
The goblin barely misses you.
You now have 3/7 mp.
Okay, then.
Casting: Sandblast (safe; 1% risk of failure)
Confirm with . or Enter, or press ? or * to list all spells.
Aiming: Sandblast (safe; 1% risk of failure)
Press: ? - help, Shift-Dir - straight line, f/p - goblin
Aim: a goblin, wielding a +0 dagger (blue smoke)
The blast of sand misses the goblin.
You now have no stones remaining.
The goblin hits you but does no damage.
You now have 2/7 mp.
Casting: Sandblast (safe; 1% risk of failure)
Confirm with . or Enter, or press ? or * to list all spells.
Aiming: Sandblast (safe; 1% risk of failure)
Press: ? - help, Shift-Dir - straight line, f/p - goblin
Aim: a goblin, wielding a +0 dagger (blue smoke)
You don't have any stones to cast with.
Casting: Sandblast (safe; 1% risk of failure)
Confirm with . or Enter, or press ? or * to list all spells.
Aiming: Sandblast (safe; 1% risk of failure)
Press: ? - help, Shift-Dir - straight line, f/p - goblin
Aim: a goblin, wielding a +0 dagger (blue smoke)
You don't have any stones to cast with.
You hit the goblin. You burn the goblin.
You kill the goblin!
You cannot move.
You cannot move.
Unknown command.
You start resting.
A dart slug comes into view.
You start resting.
A dart slug is nearby!
A dart slug is nearby!
A dart slug is nearby!
The dart slug launches a dart at you.
The slug dart hits you but does no damage.
Fire/throw which item? (* to show all) (? for menu, Esc to quit)
Okay, then.
Okay, then.
A dart slug is nearby!
You hit the dart slug. You burn the dart slug.
The dart slug is heavily wounded.
The dart slug launches a dart at you. The slug dart hits you!
You die...

#.#######.#
#.#.......#
#.#)##.#.##
#)))#..#.#
########....#
.......#..#[#
##.....#..#.#
....<..#..### *
#.#.<)♣..#####
,
.......w......#
*
#...).....###.#
.............>#
,
....#........##
,
.#..#.....##.#
** #.
#.##.....# , ,
,# #.....#..#
####..#..##


You could see a dart slug.

Vanquished Creatures
  Jessica (D:2)
  An iguana (D:2)
  Terence (D:2)
  2 adders (D:2)
  An ooze (D:1)
  2 dart slugs
  A leopard gecko (D:1)
  6 orcs (D:3)
  3 giant cockroaches
  3 goblins
  5 hobgoblins
  4 jackals
  5 kobolds
  A quokka (D:2)
  4 bats
  3 frilled lizards
  8 rats
51 creatures vanquished.

Vanquished Creatures (others)
  3 plants (D:1)
3 creatures vanquished.

Grand Total: 54 creatures vanquished

Notes
Turn   | Place    | Note
-------+----------+-------------------------------------------
     0 | D:1      | Irenicus the Deep Dwarf Earth Elementalist began the quest
                  | for the Orb.
     0 | D:1      | Reached XP level 1. HP: 15/15 MP: 3/3
    62 | D:1      | Reached XP level 2. HP: 19/22 MP: 1/4
    80 | D:1      | Reached skill level 5 in Earth Magic
   263 | D:1      | Reached XP level 3. HP: 12/28 MP: 1/5
   300 | D:1      | Learned a level 2 spell: Passwall
   735 | D:2      | Reached skill level 6 in Earth Magic
   836 | D:2      | Noticed Jessica
   839 | D:2      | Killed Jessica
   839 | D:2      | Reached XP level 4. HP: 16/36 MP: 2/6
   928 | D:2      | Reached skill level 7 in Earth Magic
   970 | D:2      | Noticed Terence
   981 | D:2      | HP: 9/36 [Terence/+0 trident (1)]
   982 | D:2      | Killed Terence
   982 | D:2      | Reached XP level 5. HP: 11/42 MP: 1/7
  1130 | D:3      | HP: 10/42 [orc/+0 flail (1)]
  1133 | D:3      | HP: 1/42 [orc/+0 flail (5)]
  1176 | D:3      | Killed from afar by a dart slug

Illustrated notes

Levels and vault maps discovered:
D:1:      wander_arrival_peaceful_grave, layout_basic, serial_bayou_lake_a
D:2:      layout_basic, uniq_terence, uniq_jessica
D:3:      layout_basic, ebering_ghost_disaster_area, minmay_starry_boxes

Skill      XL: |  1  2  3  4 |
---------------+-------------+-----
Earth Magic    | 5 6 7 |  7.9
Dodging        | |  2.1
Stealth        | |  2.4
Spellcasting   | |  1.7
Transmutations | |  0.8

Action                   |  1- 3 |  4- 6 || total
-------------------------+-------+-------++-------
Melee: Club              |    43 |       ||    43
       Unarmed           |     1 |       ||     1
       Hand axe          |    10 |    27 ||    37
 Cast: Sandblast         |    32 |    18 ||    50
       Passwall          |     5 |       ||     5
  Use: Scroll            |     1 |     5 ||     6
       Potion            |       |     3 ||     3
 Stab: Sleeping          |     1 |       ||     1
Armor: Robe              |    14 |       ||    14
       Ring mail         |     7 |    21 ||    28
       Skin              |       |     3 ||     3
Dodge: Dodged            |    58 |    25 ||    83

Table legend: (Time is in decaauts)
 A = Elapsed time spent in this place.
 B = Non-inter-level travel time spent in this place.
 C = Inter-level travel time spent in this place.
 D = Time resting spent in this place.
 E = Time spent auto-exploring this place.
 F = Levels seen in this place.
 G = Mean time per level.
                   A        B        C        D        E       F      G
               +--------+--------+--------+--------+--------+-----+--------+
         Total |   1233 |   1218 |     15 |      6 |      4 |   3 |  411.0 |
       Dungeon |   1233 |   1218 |     15 |      6 |      4 |   3 |  411.0 |
               +--------+--------+--------+--------+--------+-----+--------+

Top non-repeatable levels by time:
     D:2: 629 daAuts
     D:1: 486 daAuts
     D:3: 118 daAuts

Table legend:
 A = Kills in this place as a percentage of kills in entire the game.
 B = Kills by you in this place as a percentage of kills by you in the entire game.
 C = Kills by friends in this place as a percentage of kills by friends in the entire game.
 D = Other kills in this place as a percentage of other kills in the entire game.
 E = Experience gained in this place as a percentage of experience gained in the entire game.
 F = Experience gained in this place divided by the number of levels of this place that you have seen.
                   A       B       C       D       E      F
               +-------+-------+-------+-------+-------+----------------------
         Total | 100.0 | 100.0 |   N/A |   N/A | 100.0 |  76.7
       Dungeon | 100.0 | 100.0 |   N/A |   N/A | 100.0 |  76.7
               +-------+-------+-------+-------+-------+----------------------
